Golden Knights vs Capitals
Created - January 31, 2022 at 19:42
Goals
|
Golden Knights |
1 |
1 |
0 |
0 |
1 |
3 |
Capitals |
1 |
1 |
0 |
0 |
0 |
2 |
|
Shots
|
Golden Knights |
11 |
10 |
4 |
0 |
3 |
25 |
Capitals |
11 |
14 |
11 |
1 |
3 |
37 |
|
1st period
1. Golden Knights , Kellan Lain 5 (Zach Bogosian 16, Andrei Loktionov 14) at 1:41 (PP)
2. Capitals , PK Subban 2 (Blake Pietila 4, Sean Monahan 9) at 13:56
Penalties :
Brad Richardson (Was) for Hooking (Minor) at 1:23, Kellan Lain (Veg) for Diving (Minor) at 13:59
2nd period
3. Capitals , Victor Hedman 2 (PK Subban 8) at 1:04 (PP)
4. Golden Knights , Michael Frolik 14 (Zach Bogosian 17, Kellan Lain 6) at 9:05 (PP)
Penalties :
Matt Stajan (Veg) for Hooking (Minor) at 0:41, Zach Bogosian (Veg) for Holding (Minor) at 1:46, Matt Stajan (Veg) for Interference (Minor) at 4:31, Jason Spezza (Was) for Hooking (Minor) at 8:15, Victor Hedman (Was) for Roughing (Double Minor) at 16:27
3rd period
No Goal
Penalties :
Steve Bernier (Was) for Interference (Minor) at 15:18
Overtime #1
No Goal
Penalties :
No Penalty
Shootout
Golden Knights, Michael Frolik - Goal!
Capitals, Jason Spezza - Stopped by Ondrej Pavelec
Golden Knights, Andrei Loktionov - Stopped by Chet Pickard
Capitals, Mike Cammalleri - Stopped by Ondrej Pavelec
Golden Knights, Kellan Lain - Stopped by Chet Pickard
Capitals, Mark Stone - Stopped by Ondrej Pavelec
Penalties :
No Penalty
Goalie Stats
Ondrej Pavelec (Veg), 35 saves from 37 shots - (0.946), W, 7-8-2, 65:00 minutes
Chet Pickard (Was), 23 saves from 25 shots - (0.920), OTL, 1-2-1, 65:00 minutes
Players Stats for Golden Knights
Player Name G A P +/- PIM S H SB GA TA FO MP PP MP PK MP
------------------------------------------------------------------------------------
Andrei Loktionov 0 1 1 0 0 0 0 0 0 1 28/48 25:51 4:00 4:03
Chris Tierney 0 0 0 0 0 1 0 0 0 0 3/9 10:30 0:28 0:22
Clarke MacArthur 0 0 0 0 0 2 0 0 0 1 0/0 16:05 2:15 2:22
Damon Severson 0 0 0 0 0 0 1 0 0 1 0/0 12:27 0:28 0:03
Jared Cowen 0 0 0 0 0 1 1 0 0 0 0/0 30:50 4:22 4:05
Kellan Lain 1 1 2 0 2 4 1 0 1 0 1/2 24:41 4:15 2:22
Martin Hanzal 0 0 0 0 0 1 0 1 1 0 2/3 7:25 0:00 0:00
Mathew Dumba 0 0 0 -1 0 0 1 0 1 2 0/0 21:41 2:16 2:12
Mats Zuccarello 0 0 0 0 0 1 0 0 1 0 0/0 12:12 1:04 0:00
Matt Stajan 0 0 0 -1 4 1 2 0 1 0 2/10 17:41 2:15 0:48
Michael Frolik 1 0 1 0 0 8 0 0 1 0 1/1 19:40 3:59 0:00
Nathan Horton 0 0 0 0 0 2 0 0 0 0 0/0 8:13 0:23 0:00
Shawn Matthias 0 0 0 0 0 1 0 0 0 0 0/0 7:49 0:24 0:00
Thomas Vanek 0 0 0 -1 0 0 1 0 1 0 0/1 13:17 0:00 0:00
Vladimir Mihalik 0 0 0 0 0 0 1 0 0 1 0/0 13:33 0:28 0:40
Wayne Simmonds 0 0 0 -1 0 1 1 1 0 0 1/2 19:52 2:15 2:43
Wes O'Neill 0 0 0 -1 0 0 0 2 0 0 0/0 22:17 2:16 2:48
Zach Bogosian 0 2 2 0 2 2 1 2 0 2 0/0 29:32 4:22 2:52
Players Stats for Capitals
Player Name G A P +/- PIM S H SB GA TA FO MP PP MP PK MP
------------------------------------------------------------------------------------
Alexei Marchenko 0 0 0 0 0 1 1 3 0 1 0/0 24:12 2:11 5:01
Blake Pietila 0 1 1 1 0 2 1 0 1 0 4/4 16:38 2:31 1:16
Brad Richardson 0 0 0 0 2 0 0 0 1 0 3/7 13:02 0:06 2:07
Cameron Gaunce 0 0 0 0 0 4 2 0 1 0 0/0 20:59 2:11 2:13
Dustin Brown 0 0 0 0 0 2 2 0 1 0 0/0 11:53 0:06 1:26
Jared Spurgeon 0 0 0 0 0 0 0 0 0 2 0/0 12:50 0:00 1:15
Jason Spezza 0 0 0 0 2 4 1 1 0 0 20/46 25:40 3:43 3:10
Mark Stone 0 0 0 1 0 1 3 1 0 0 0/1 14:56 3:43 0:00
Mike Cammalleri 0 0 0 0 0 3 1 1 0 0 2/2 22:48 3:46 0:23
Patrick Sharp 0 0 0 0 0 2 2 0 0 0 1/1 9:50 0:03 0:00
PK Subban 1 1 2 1 0 5 2 2 1 1 0/0 32:30 4:09 4:49
Samuel Morin 0 0 0 0 0 0 0 0 0 0 0/0 13:30 0:00 4:01
Sean Monahan 0 1 1 1 0 4 2 0 0 0 6/11 17:18 2:31 1:49
Steve Bernier 0 0 0 0 2 1 1 0 2 0 0/1 16:38 0:00 0:00
T.J. Oshie 0 0 0 0 0 0 4 1 0 0 0/0 11:19 2:31 0:00
Trevor Daley 0 0 0 0 0 0 0 0 0 1 0/0 11:30 0:00 0:12
Victor Hedman 1 0 1 1 4 7 2 2 1 2 0/0 28:08 4:09 0:42
William Karlsson 0 0 0 0 0 1 1 0 0 0 2/3 9:09 0:00 0:00
3 Stars
1 - PK Subban (Was)
2 - Ondrej Pavelec (Veg)
3 - Kellan Lain (Veg)
Power Play
Golden Knights - 2 on 5 Attempt(s) - 40.00%
Capitals - 1 on 4 Attempt(s) - 25.00%
Penalty Kill
Golden Knights - 3 on 4 Attempt(s) - 75.00%
- Score 0 goal in Penalty Kill
Capitals - 3 on 5 Attempt(s) - 60.00%
- Score 0 goal in Penalty Kill
Team Stat
Golden Knights - Hits : 10 - Faceoff Wins : 38 - Blocked Shots : 6 - Penalty Minutes : 8
Capitals - Hits : 25 - Faceoff Wins : 38 - Blocked Shots : 11 - Penalty Minutes : 10
Official
Referees : Jon McIsaac and Chris Schlenker
Linesman : Bryan Pancich and Ryan Gibbons
Game Notes
No Game Note
Finance
Level 1 -- Attendance: 6000 (100.00%) -- Ticket Income $600,000
Level 2 -- Attendance: 5000 (100.00%) -- Ticket Income $300,000
Level 3 -- Attendance: 1986 (99.30%) -- Ticket Income $69,510
Level 4 -- Attendance: 3954 (98.85%) -- Ticket Income $98,850
Luxury Box -- Attendance: 970 (97.00%) -- Ticket Income $194,000
Game was played at the Capital One Arena.
Total Attendance: 17910 (99.50%)
Total Ticket Income: $1,262,360
Other Income: $189,354
Total Income: $1,451,714
Golden Knights
5 vs 5 Forward
Center Left Wing Right Wing Time % Phy DF OF
1 Andrei Loktionov Kellan Lain Michael Frolik 40 1 2 2
2 Matt Stajan Thomas Vanek Wayne Simmonds 30 1 2 2
3 Chris Tierney Clarke MacArthur Mats Zuccarello 20 1 2 2
4 Martin Hanzal Shawn Matthias Nathan Horton 10 1 2 2
5 vs 5 Defense
Defense Defense Time % Phy DF OF
1 Zach Bogosian Jared Cowen 40 1 2 2
2 Mathew Dumba Wes O'Neill 30 1 2 2
3 Vladimir Mihalik Damon Severson 20 1 2 2
4 Zach Bogosian Jared Cowen 10 1 2 2
PowerPlay Forward
Center Left Wing Right Wing Time % Phy DF OF
1 Andrei Loktionov Kellan Lain Michael Frolik 60 1 2 2
2 Matt Stajan Clarke MacArthur Wayne Simmonds 40 1 2 2
PowerPlay Defense
Defense Defense Time % Phy DF OF
1 Zach Bogosian Jared Cowen 60 1 2 2
2 Mathew Dumba Wes O'Neill 40 1 2 2
Penalty Kill 4 Players Forward
Center Wing Time % Phy DF OF
1 Andrei Loktionov Kellan Lain 60 1 2 2
2 Matt Stajan Clarke MacArthur 40 1 2 2
Penalty Kill 4 Players Defense
Defense Defense Time % Phy DF OF
1 Zach Bogosian Jared Cowen 60 1 2 2
2 Mathew Dumba Wes O'Neill 40 1 2 2
Penalty Kill - 3 Players Forward
Forward Time % Phy DF OF
1 Andrei Loktionov 60 1 2 2
2 Matt Stajan 40 1 2 2
Penalty Kill - 3 Players Defense
Defense Defense Time % Phy DF OF
1 Zach Bogosian Jared Cowen 60 1 2 2
2 Mathew Dumba Wes O'Neill 40 1 2 2
4 vs 4 Forward
Center Wing Time % Phy DF OF
1 Andrei Loktionov Kellan Lain 60 1 2 2
2 Matt Stajan Clarke MacArthur 40 1 2 2
4 vs 4 Defense
Defense Defense Time % Phy DF OF
1 Zach Bogosian Jared Cowen 60 1 2 2
2 Mathew Dumba Wes O'Neill 40 1 2 2
Last Minutes Offensive
Center Left Wing Right Wing Defense Defense
Andrei Loktionov Kellan Lain Michael Frolik Zach Bogosian Jared Cowen
Last Minutes Defensive
Center Left Wing Right Wing Defense Defense
Andrei Loktionov Kellan Lain Michael Frolik Zach Bogosian Jared Cowen
Goaltenders
Starting : Ondrej Pavelec
Backup : Matt Hackett
Extra Forwards
Normal : Wayne Simmonds, Mats Zuccarello, Nathan Horton - PP : Wayne Simmonds, Mats Zuccarello - PK : Wayne Simmonds
Extra Defensemen
Normal : Wes O'Neill, Vladimir Mihalik, Damon Severson - PP : Wes O'Neill - PK : Wes O'Neill, Vladimir Mihalik
Penalty Shots
Michael Frolik, Andrei Loktionov, Kellan Lain, Matt Stajan, Wayne Simmonds
Scratches
Jamie Oleksiak (Healthy)
Capitals
5 vs 5 Forward
Center Left Wing Right Wing Time % Phy DF OF
1 Jason Spezza Mike Cammalleri Steve Bernier 35 0 1 4
2 Sean Monahan Blake Pietila Mark Stone 25 0 2 3
3 William Karlsson Patrick Sharp T.J. Oshie 20 0 2 3
4 Brad Richardson Samuel Morin Dustin Brown 20 0 3 2
5 vs 5 Defense
Defense Defense Time % Phy DF OF
1 Victor Hedman PK Subban 40 0 2 3
2 Alexei Marchenko Cameron Gaunce 30 0 2 3
3 Trevor Daley Jared Spurgeon 20 0 3 2
4 Victor Hedman PK Subban 10 0 1 4
PowerPlay Forward
Center Left Wing Right Wing Time % Phy DF OF
1 Jason Spezza Mike Cammalleri Mark Stone 60 0 1 4
2 Sean Monahan Blake Pietila T.J. Oshie 40 0 1 4
PowerPlay Defense
Defense Defense Time % Phy DF OF
1 PK Subban Victor Hedman 60 0 2 3
2 Cameron Gaunce Alexei Marchenko 40 0 2 3
Penalty Kill 4 Players Forward
Center Wing Time % Phy DF OF
1 Jason Spezza Samuel Morin 60 0 4 1
2 Sean Monahan Dustin Brown 40 0 4 1
Penalty Kill 4 Players Defense
Defense Defense Time % Phy DF OF
1 PK Subban Alexei Marchenko 60 0 4 1
2 Victor Hedman Cameron Gaunce 40 0 4 1
Penalty Kill - 3 Players Forward
Forward Time % Phy DF OF
1 Jason Spezza 60 0 5 0
2 Sean Monahan 40 0 5 0
Penalty Kill - 3 Players Defense
Defense Defense Time % Phy DF OF
1 PK Subban Cameron Gaunce 60 0 5 0
2 Victor Hedman Alexei Marchenko 40 0 5 0
4 vs 4 Forward
Center Wing Time % Phy DF OF
1 Jason Spezza Mike Cammalleri 60 0 2 3
2 Sean Monahan Mark Stone 40 0 2 3
4 vs 4 Defense
Defense Defense Time % Phy DF OF
1 PK Subban Victor Hedman 60 0 2 3
2 Cameron Gaunce Alexei Marchenko 40 0 2 3
Last Minutes Offensive
Center Left Wing Right Wing Defense Defense
Jason Spezza Mike Cammalleri Mark Stone PK Subban Victor Hedman
Last Minutes Defensive
Center Left Wing Right Wing Defense Defense
Jason Spezza Samuel Morin Dustin Brown PK Subban Victor Hedman
Goaltenders
Starting : Chet Pickard
Backup : Jonathan Bernier
Extra Forwards
Normal : Jason Spezza, Mike Cammalleri, Sean Monahan - PP : Jason Spezza, Mike Cammalleri - PK : Jason Spezza
Extra Defensemen
Normal : PK Subban, Victor Hedman, Alexei Marchenko - PP : PK Subban - PK : Victor Hedman, PK Subban
Penalty Shots
Jason Spezza, Mike Cammalleri, Mark Stone, Patrick Sharp, Victor Hedman
Scratches
Antoine Vermette (Healthy), Kevin Connauton (Healthy), Robert Hagg (Healthy), Roman Josi (Healthy)
% Time on Ice - Golden Knights
Lines # - Real PCT - Wanted PCT - Time Play
Normal Forward
1 - 34% - 40% - 15:44
2 - 30% - 30% - 13:48
3 - 21% - 20% - 9:37
4 - 16% - 10% - 7:25
Normal Defense
1 - 40% - 40% - 18:48
2 - 32% - 30% - 14:58
3 - 24% - 20% - 11:01
4 - 4% - 10% - 1:47
PP Forward
1 - 68% - 60% - 4:51
2 - 32% - 40% - 2:15
PP Defense
1 - 62% - 60% - 4:22
2 - 38% - 40% - 2:44
PK Forward
1 - 71% - 60% - 4:29
2 - 29% - 40% - 1:51
PK Defense
1 - 65% - 60% - 4:08
2 - 35% - 40% - 2:12
PK3 Forward
1 - 0% - 60%
2 - 0% - 40%
PK3 Defense
1 - 0% - 60%
2 - 0% - 40%
44 Forward
1 - 83% - 60% - 4:08
2 - 17% - 40% - 0:52
44 Defense
1 - 55% - 60% - 2:45
2 - 45% - 40% - 2:15
Last Minute Offensive - 0:00
Last Minute Defensive - 0:00
Total
Forward - 65:00
Defense - 65:00
|
% Time on Ice - Capitals
Lines # - Real PCT - Wanted PCT - Time Play
Normal Forward
1 - 37% - 35% - 17:02
2 - 24% - 25% - 10:58
3 - 20% - 20% - 9:09
4 - 20% - 20% - 9:25
Normal Defense
1 - 42% - 40% - 19:27
2 - 31% - 30% - 14:32
3 - 24% - 20% - 11:05
4 - 3% - 10% - 1:30
PP Forward
1 - 60% - 60% - 3:49
2 - 40% - 40% - 2:31
PP Defense
1 - 66% - 60% - 4:09
2 - 34% - 40% - 2:11
PK Forward
1 - 80% - 60% - 5:40
2 - 20% - 40% - 1:26
PK Defense
1 - 57% - 60% - 4:03
2 - 43% - 40% - 3:03
PK3 Forward
1 - 0% - 60%
2 - 0% - 40%
PK3 Defense
1 - 0% - 60%
2 - 0% - 40%
44 Forward
1 - 91% - 60% - 4:33
2 - 9% - 40% - 0:27
44 Defense
1 - 59% - 60% - 2:57
2 - 41% - 40% - 2:03
Last Minute Offensive - 0:00
Last Minute Defensive - 0:00
Total
Forward - 65:00
Defense - 65:00
|
Play-by-Play
1st period
0:01 of 1st period - Jason Spezza wins face-off versus Andrei Loktionov in neutral zone.
0:14 of 1st period - PK Subban is hit by Zach Bogosian and loses puck.
0:27 of 1st period - Snap shot by Clarke MacArthur.
0:27 of 1st period - Stopped by Chet Pickard without a rebound.
0:28 of 1st period - Sean Monahan wins face-off versus Chris Tierney in Capitals zone.
0:35 of 1st period - Clarke MacArthur is hit by Sean Monahan and loses puck.
0:42 of 1st period - Alexei Marchenko is hit by Mathew Dumba and loses puck.
1:23 of 1st period - Minor Penalty to Brad Richardson for Hooking.
1:24 of 1st period - Andrei Loktionov wins face-off versus Jason Spezza in Capitals zone.
1:31 of 1st period - Wrist shot by Kellan Lain.
1:31 of 1st period - Stopped by Chet Pickard without a rebound.
1:32 of 1st period - Andrei Loktionov wins face-off versus Jason Spezza in Capitals zone.
1:41 of 1st period - Snap shot by Kellan Lain.
1:41 of 1st period - Goal by Kellan Lain - Golden Knights : 1 - Capitals : 0.
1:42 of 1st period - Martin Hanzal wins face-off versus Jason Spezza in neutral zone.
2:39 of 1st period - Wayne Simmonds is hit by Blake Pietila and loses puck.
3:18 of 1st period - Slapshot by Jason Spezza.
3:18 of 1st period - Shot Misses the Net.
3:38 of 1st period - Wrist shot by Dustin Brown.
3:38 of 1st period - Stopped by Ondrej Pavelec without a rebound.
3:39 of 1st period - Andrei Loktionov wins face-off versus Sean Monahan in Golden Knights zone.
3:39 of 1st period - Andrei Loktionov is hit by Mark Stone.
3:45 of 1st period - Slapshot by Victor Hedman.
3:45 of 1st period - Stopped by Ondrej Pavelec without a rebound.
3:46 of 1st period - Blake Pietila wins face-off versus Thomas Vanek in Golden Knights zone.
4:30 of 1st period - Wrist shot by Mark Stone.
4:30 of 1st period - Shot Blocked by Zach Bogosian.
4:34 of 1st period - Snap shot by Sean Monahan.
4:34 of 1st period - Deflect By Blake Pietila.
4:34 of 1st period - Shot Misses the Net.
4:34 of 1st period - Puck is out of play.
4:35 of 1st period - Mike Cammalleri wins face-off versus Matt Stajan in Golden Knights zone.
6:24 of 1st period - Icing by Victor Hedman.
6:25 of 1st period - William Karlsson wins face-off versus Andrei Loktionov in Capitals zone.
7:40 of 1st period - Snap shot by Sean Monahan.
7:40 of 1st period - Shot Misses the Net.
8:54 of 1st period - Slapshot by Wayne Simmonds.
8:54 of 1st period - Shot Blocked by PK Subban.
9:00 of 1st period - Slapshot by T.J. Oshie.
9:00 of 1st period - Deflect By William Karlsson.
9:00 of 1st period - Stopped by Ondrej Pavelec without a rebound.
9:01 of 1st period - Mike Cammalleri wins face-off versus Chris Tierney in Golden Knights zone.
9:35 of 1st period - Snap shot by Kellan Lain.
9:35 of 1st period - Shot Misses the Net.
9:37 of 1st period - Snap shot by Kellan Lain.
9:37 of 1st period - Stopped by Chet Pickard without a rebound.
9:38 of 1st period - Matt Stajan wins face-off versus Jason Spezza in Capitals zone.
9:43 of 1st period - Snap shot by Matt Stajan.
9:43 of 1st period - Shot Misses the Net.
9:49 of 1st period - Snap shot by Victor Hedman.
9:49 of 1st period - Shot Misses the Net.
9:51 of 1st period - Wrist shot by Mike Cammalleri.
9:51 of 1st period - Stopped by Ondrej Pavelec without a rebound.
9:52 of 1st period - Andrei Loktionov wins face-off versus Jason Spezza in Golden Knights zone.
9:52 of 1st period - Andrei Loktionov is hit by PK Subban.
10:03 of 1st period - Snap shot by Jason Spezza.
10:03 of 1st period - Shot Misses the Net.
10:41 of 1st period - Off-side.
10:42 of 1st period - Patrick Sharp wins face-off versus Chris Tierney in neutral zone.
11:19 of 1st period - Chris Tierney is hit by Patrick Sharp and loses puck.
11:32 of 1st period - Slapshot by Mathew Dumba.
11:32 of 1st period - Deflect By Chris Tierney.
11:32 of 1st period - Stopped by Chet Pickard with a rebound.
11:45 of 1st period - Snap shot by Clarke MacArthur.
11:45 of 1st period - Shot Misses the Net.
11:47 of 1st period - Snap shot by Mats Zuccarello.
11:47 of 1st period - Stopped by Chet Pickard without a rebound.
11:48 of 1st period - Andrei Loktionov wins face-off versus Jason Spezza in Capitals zone.
12:31 of 1st period - Off-side.
12:32 of 1st period - Brad Richardson wins face-off versus Martin Hanzal in neutral zone.
12:45 of 1st period - Slapshot by Martin Hanzal.
12:45 of 1st period - Shot Misses the Net.
12:59 of 1st period - Jason Spezza is hit by Kellan Lain and loses puck.
13:08 of 1st period - Slapshot by Victor Hedman.
13:08 of 1st period - Shot Blocked by Zach Bogosian.
13:20 of 1st period - Snap shot by Matt Stajan.
13:20 of 1st period - Stopped by Chet Pickard without a rebound.
13:21 of 1st period - Matt Stajan wins face-off versus Sean Monahan in Capitals zone.
13:24 of 1st period - Snap shot by Matt Stajan.
13:24 of 1st period - Shot Hit the Post.
13:30 of 1st period - Wrist shot by Mark Stone.
13:30 of 1st period - Stopped by Ondrej Pavelec with a rebound.
13:50 of 1st period - Backhand shot by Sean Monahan.
13:50 of 1st period - Stopped by Ondrej Pavelec with a rebound.
13:52 of 1st period - Snap shot by Blake Pietila.
13:52 of 1st period - Shot Blocked by Wes O'Neill.
13:54 of 1st period - Slapshot by PK Subban.
13:54 of 1st period - Stopped by Ondrej Pavelec with a rebound.
13:56 of 1st period - Slapshot by PK Subban.
13:56 of 1st period - Goal by PK Subban - Golden Knights : 1 - Capitals : 1.
13:57 of 1st period - Andrei Loktionov wins face-off versus Steve Bernier in neutral zone.
13:59 of 1st period - Minor Penalty to Kellan Lain for Diving.
14:00 of 1st period - Andrei Loktionov wins face-off versus Jason Spezza in Golden Knights zone.
14:10 of 1st period - Wrist shot by Victor Hedman.
14:10 of 1st period - Shot Blocked by Wayne Simmonds.
14:12 of 1st period - Slapshot by Jason Spezza.
14:12 of 1st period - Stopped by Ondrej Pavelec without a rebound.
14:13 of 1st period - Andrei Loktionov wins face-off versus Jason Spezza in Golden Knights zone.
14:13 of 1st period - Andrei Loktionov is hit by Jason Spezza.
14:27 of 1st period - Snap shot by Zach Bogosian.
14:27 of 1st period - Stopped by Chet Pickard without a rebound.
14:28 of 1st period - Andrei Loktionov wins face-off versus Jason Spezza in Capitals zone.
14:33 of 1st period - Slapshot by Zach Bogosian.
14:33 of 1st period - Shot Misses the Net.
15:02 of 1st period - Snap shot by Sean Monahan.
15:02 of 1st period - Shot Misses the Net.
15:04 of 1st period - Snap shot by Alexei Marchenko.
15:04 of 1st period - Stopped by Ondrej Pavelec without a rebound.
15:05 of 1st period - Blake Pietila wins face-off versus Andrei Loktionov in Golden Knights zone.
15:10 of 1st period - Snap shot by Sean Monahan.
15:10 of 1st period - Stopped by Ondrej Pavelec without a rebound.
15:11 of 1st period - Jason Spezza wins face-off versus Andrei Loktionov in Golden Knights zone.
15:59 of 1st period - Penalty to Kellan Lain is over, Kellan Lain is back on ice.
16:39 of 1st period - Jared Cowen is hit by T.J. Oshie and loses puck.
16:52 of 1st period - Nathan Horton is hit by Mark Stone.
16:59 of 1st period - Off-side.
17:00 of 1st period - Andrei Loktionov wins face-off versus Jason Spezza in neutral zone.
17:24 of 1st period - Icing by Matt Stajan.
17:25 of 1st period - Sean Monahan wins face-off versus Matt Stajan in Golden Knights zone.
17:57 of 1st period - Snap shot by Michael Frolik.
17:57 of 1st period - Stopped by Chet Pickard without a rebound.
17:58 of 1st period - Andrei Loktionov wins face-off versus Jason Spezza in Capitals zone.
18:09 of 1st period - Backhand shot by Kellan Lain.
18:09 of 1st period - Stopped by Chet Pickard without a rebound.
18:10 of 1st period - Jason Spezza wins face-off versus Andrei Loktionov in Capitals zone.
18:17 of 1st period - Wrist shot by Jason Spezza.
18:17 of 1st period - Shot Misses the Net.
18:24 of 1st period - Off-side.
18:25 of 1st period - Brad Richardson wins face-off versus Andrei Loktionov in neutral zone.
19:20 of 1st period - Wrist shot by Clarke MacArthur.
19:20 of 1st period - Shot Misses the Net.
19:22 of 1st period - Wrist shot by Clarke MacArthur.
19:22 of 1st period - Stopped by Chet Pickard without a rebound.
19:23 of 1st period - Sean Monahan wins face-off versus Andrei Loktionov in Capitals zone.
19:23 of 1st period - Sean Monahan is hit by Damon Severson.
Goals for this period are 1 for Golden Knights vs 1 for Capitals.
Shots for this period are 11 for Golden Knights vs 11 for Capitals.
2nd period
0:01 of 2nd period - Andrei Loktionov wins face-off versus Jason Spezza in neutral zone.
0:28 of 2nd period - Snap shot by Dustin Brown.
0:28 of 2nd period - Stopped by Ondrej Pavelec with a rebound.
0:30 of 2nd period - Slapshot by Victor Hedman.
0:30 of 2nd period - Stopped by Ondrej Pavelec without a rebound.
0:31 of 2nd period - Brad Richardson wins face-off versus Matt Stajan in Golden Knights zone.
0:41 of 2nd period - Minor Penalty to Matt Stajan for Hooking.
0:42 of 2nd period - Jason Spezza wins face-off versus Andrei Loktionov in Golden Knights zone.
0:54 of 2nd period - Slapshot by Victor Hedman.
0:54 of 2nd period - Stopped by Ondrej Pavelec without a rebound.
0:55 of 2nd period - Andrei Loktionov wins face-off versus Jason Spezza in Golden Knights zone.
1:04 of 2nd period - Slapshot by Victor Hedman.
1:04 of 2nd period - Goal by Victor Hedman - Golden Knights : 1 - Capitals : 2.
1:05 of 2nd period - Jason Spezza wins face-off versus Andrei Loktionov in neutral zone.
1:41 of 2nd period - Wrist shot by Blake Pietila.
1:41 of 2nd period - Shot Misses the Net.
1:43 of 2nd period - Backhand shot by PK Subban.
1:43 of 2nd period - Stopped by Ondrej Pavelec without a rebound.
1:44 of 2nd period - Michael Frolik wins face-off versus Brad Richardson in Golden Knights zone.
1:46 of 2nd period - Minor Penalty to Zach Bogosian for Holding.
1:47 of 2nd period - Jason Spezza wins face-off versus Andrei Loktionov in Golden Knights zone.
2:29 of 2nd period - Andrei Loktionov is hit by T.J. Oshie and loses puck.
2:40 of 2nd period - Alexei Marchenko is hit by Matt Stajan and loses puck.
3:46 of 2nd period - Penalty to Zach Bogosian is over, Zach Bogosian is back on ice.
3:48 of 2nd period - Wrist shot by Matt Stajan.
3:48 of 2nd period - Shot Misses the Net.
4:02 of 2nd period - Snap shot by Dustin Brown.
4:02 of 2nd period - Shot Misses the Net.
4:20 of 2nd period - Snap shot by Shawn Matthias.
4:20 of 2nd period - Stopped by Chet Pickard with a rebound.
4:22 of 2nd period - Slapshot by Damon Severson.
4:22 of 2nd period - Shot Misses the Net.
4:24 of 2nd period - Wrist shot by Martin Hanzal.
4:24 of 2nd period - Deflect By Nathan Horton.
4:24 of 2nd period - Stopped by Chet Pickard without a rebound.
4:25 of 2nd period - Jason Spezza wins face-off versus Matt Stajan in Capitals zone.
4:31 of 2nd period - Minor Penalty to Matt Stajan for Interference.
4:32 of 2nd period - Andrei Loktionov wins face-off versus Jason Spezza in Golden Knights zone.
4:38 of 2nd period - Slapshot by Jared Cowen.
4:38 of 2nd period - Shot Blocked by Mark Stone.
4:40 of 2nd period - Wrist shot by Kellan Lain.
4:40 of 2nd period - Shot Blocked by Victor Hedman.
4:48 of 2nd period - Slapshot by Kellan Lain.
4:48 of 2nd period - Shot Misses the Net.
5:39 of 2nd period - Clarke MacArthur is hit by T.J. Oshie and loses puck.
6:31 of 2nd period - Penalty to Matt Stajan is over, Matt Stajan is back on ice.
6:47 of 2nd period - Wrist shot by Nathan Horton.
6:47 of 2nd period - Shot Misses the Net.
7:59 of 2nd period - Icing by Kellan Lain.
8:00 of 2nd period - Andrei Loktionov wins face-off versus Jason Spezza in Golden Knights zone.
8:15 of 2nd period - Minor Penalty to Jason Spezza for Hooking.
8:16 of 2nd period - Andrei Loktionov wins face-off versus Brad Richardson in Capitals zone.
8:17 of 2nd period - Snap shot by Michael Frolik.
8:17 of 2nd period - Shot Misses the Net.
8:19 of 2nd period - Slapshot by Jared Cowen.
8:19 of 2nd period - Shot Misses the Net.
8:21 of 2nd period - Slapshot by Andrei Loktionov.
8:21 of 2nd period - Shot Misses the Net.
8:23 of 2nd period - Wrist shot by Andrei Loktionov.
8:23 of 2nd period - Deflect By Michael Frolik.
8:23 of 2nd period - Shot Misses the Net.
8:23 of 2nd period - Puck is out of play.
8:24 of 2nd period - Andrei Loktionov wins face-off versus Brad Richardson in Capitals zone.
9:01 of 2nd period - Snap shot by Kellan Lain.
9:01 of 2nd period - Shot Misses the Net.
9:03 of 2nd period - Slapshot by Zach Bogosian.
9:03 of 2nd period - Shot Misses the Net.
9:05 of 2nd period - Wrist shot by Michael Frolik.
9:05 of 2nd period - Goal by Michael Frolik - Golden Knights : 2 - Capitals : 2.
9:06 of 2nd period - Jason Spezza wins face-off versus Matt Stajan in neutral zone.
9:19 of 2nd period - Wrist shot by Jason Spezza.
9:19 of 2nd period - Stopped by Ondrej Pavelec without a rebound.
9:20 of 2nd period - Andrei Loktionov wins face-off versus Jason Spezza in Golden Knights zone.
9:31 of 2nd period - Snap shot by Michael Frolik.
9:31 of 2nd period - Stopped by Chet Pickard with a rebound.
9:35 of 2nd period - Wrist shot by Michael Frolik.
9:35 of 2nd period - Deflect By Andrei Loktionov.
9:35 of 2nd period - Shot Misses the Net.
9:35 of 2nd period - Puck is out of play.
9:36 of 2nd period - Chris Tierney wins face-off versus Sean Monahan in Capitals zone.
10:27 of 2nd period - Snap shot by Chris Tierney.
10:27 of 2nd period - Shot Misses the Net.
10:50 of 2nd period - Snap shot by Cameron Gaunce.
10:50 of 2nd period - Stopped by Ondrej Pavelec with a rebound.
10:53 of 2nd period - Icing by Zach Bogosian.
10:54 of 2nd period - Sean Monahan wins face-off versus Chris Tierney in Golden Knights zone.
11:06 of 2nd period - Slapshot by Jared Cowen.
11:06 of 2nd period - Stopped by Chet Pickard without a rebound.
11:07 of 2nd period - Andrei Loktionov wins face-off versus Jason Spezza in Capitals zone.
11:16 of 2nd period - Slapshot by Michael Frolik.
11:16 of 2nd period - Stopped by Chet Pickard without a rebound.
11:17 of 2nd period - Andrei Loktionov wins face-off versus Jason Spezza in Capitals zone.
11:20 of 2nd period - Snap shot by Michael Frolik.
11:20 of 2nd period - Stopped by Chet Pickard with a rebound.
11:26 of 2nd period - Slapshot by PK Subban.
11:26 of 2nd period - Stopped by Ondrej Pavelec without a rebound.
11:27 of 2nd period - Jason Spezza wins face-off versus Kellan Lain in Golden Knights zone.
11:32 of 2nd period - Slapshot by PK Subban.
11:32 of 2nd period - Shot Misses the Net.
11:34 of 2nd period - Slapshot by Jason Spezza.
11:34 of 2nd period - Shot Hit the Post.
11:36 of 2nd period - Snap shot by Victor Hedman.
11:36 of 2nd period - Stopped by Ondrej Pavelec with a rebound.
11:38 of 2nd period - Wrist shot by Mike Cammalleri.
11:38 of 2nd period - Stopped by Ondrej Pavelec with a rebound.
11:40 of 2nd period - Slapshot by Victor Hedman.
11:40 of 2nd period - Stopped by Ondrej Pavelec with a rebound.
11:52 of 2nd period - Mark Stone is hit by Thomas Vanek.
12:41 of 2nd period - Slapshot by Zach Bogosian.
12:41 of 2nd period - Deflect By Dustin Brown.
12:41 of 2nd period - Stopped by Chet Pickard with a rebound.
13:19 of 2nd period - Snap shot by Sean Monahan.
13:19 of 2nd period - Shot Blocked by Wes O'Neill.
13:21 of 2nd period - Slapshot by Sean Monahan.
13:21 of 2nd period - Stopped by Ondrej Pavelec with a rebound.
13:23 of 2nd period - Snap shot by Jared Spurgeon.
13:23 of 2nd period - Shot Misses the Net.
13:39 of 2nd period - Slapshot by Martin Hanzal.
13:39 of 2nd period - Stopped by Chet Pickard without a rebound.
13:40 of 2nd period - Martin Hanzal wins face-off versus William Karlsson in Capitals zone.
13:56 of 2nd period - Slapshot by Martin Hanzal.
13:56 of 2nd period - Shot Misses the Net.
13:58 of 2nd period - Slapshot by Shawn Matthias.
13:58 of 2nd period - Shot Blocked by T.J. Oshie.
14:00 of 2nd period - Wrist shot by Martin Hanzal.
14:00 of 2nd period - Shot Blocked by Victor Hedman.
14:02 of 2nd period - Slapshot by Nathan Horton.
14:02 of 2nd period - Stopped by Chet Pickard without a rebound.
14:03 of 2nd period - Jason Spezza wins face-off versus Andrei Loktionov in Capitals zone.
14:10 of 2nd period - Snap shot by Jason Spezza.
14:10 of 2nd period - Stopped by Ondrej Pavelec without a rebound.
14:11 of 2nd period - Jason Spezza wins face-off versus Andrei Loktionov in Golden Knights zone.
14:20 of 2nd period - Wrist shot by Steve Bernier.
14:20 of 2nd period - Stopped by Ondrej Pavelec with a rebound.
15:41 of 2nd period - Icing by Mathew Dumba.
15:42 of 2nd period - Jason Spezza wins face-off versus Andrei Loktionov in Golden Knights zone.
16:08 of 2nd period - Off-side.
16:09 of 2nd period - Sean Monahan wins face-off versus Matt Stajan in neutral zone.
16:18 of 2nd period - Off-side.
16:19 of 2nd period - Andrei Loktionov wins face-off versus Jason Spezza in neutral zone.
16:19 of 2nd period - Jared Cowen is hit by Steve Bernier and loses puck.
16:27 of 2nd period - Double Minor Penalty to Victor Hedman for Roughing.
16:28 of 2nd period - Jason Spezza wins face-off versus Andrei Loktionov in Capitals zone.
16:42 of 2nd period - Slapshot by Zach Bogosian.
16:42 of 2nd period - Shot Blocked by Jason Spezza.
17:04 of 2nd period - Cameron Gaunce is hit by Jared Cowen and loses puck.
17:33 of 2nd period - Wayne Simmonds is hit by Dustin Brown and loses puck.
Goals for this period are 1 for Golden Knights vs 1 for Capitals.
Shots for this period are 10 for Golden Knights vs 14 for Capitals.
3rd period
0:01 of 3rd period - Jason Spezza wins face-off versus Andrei Loktionov in neutral zone.
0:12 of 3rd period - Slapshot by Zach Bogosian.
0:12 of 3rd period - Shot Blocked by Alexei Marchenko.
0:14 of 3rd period - Slapshot by Kellan Lain.
0:14 of 3rd period - Shot Blocked by Alexei Marchenko.
0:16 of 3rd period - Snap shot by Michael Frolik.
0:16 of 3rd period - Stopped by Chet Pickard with a rebound.
0:27 of 3rd period - Penalty to Victor Hedman is over, Victor Hedman is back on ice.
0:36 of 3rd period - Snap shot by Wayne Simmonds.
0:36 of 3rd period - Stopped by Chet Pickard without a rebound.
0:37 of 3rd period - Andrei Loktionov wins face-off versus Sean Monahan in Capitals zone.
0:44 of 3rd period - Snap shot by Sean Monahan.
0:44 of 3rd period - Shot Misses the Net.
0:49 of 3rd period - Off-side.
0:50 of 3rd period - Kellan Lain wins face-off versus Jason Spezza in neutral zone.
0:53 of 3rd period - Wrist shot by Michael Frolik.
0:53 of 3rd period - Shot Misses the Net.
0:56 of 3rd period - Icing by PK Subban.
0:57 of 3rd period - Andrei Loktionov wins face-off versus Jason Spezza in Capitals zone.
1:31 of 3rd period - Wrist shot by Blake Pietila.
1:31 of 3rd period - Stopped by Ondrej Pavelec without a rebound.
1:32 of 3rd period - Sean Monahan wins face-off versus Andrei Loktionov in Golden Knights zone.
1:47 of 3rd period - Snap shot by Blake Pietila.
1:47 of 3rd period - Stopped by Ondrej Pavelec with a rebound.
1:57 of 3rd period - Damon Severson is hit by Mike Cammalleri and loses puck.
3:29 of 3rd period - Wrist shot by Wayne Simmonds.
3:29 of 3rd period - Shot Misses the Net.
3:35 of 3rd period - Jared Cowen is hit by Victor Hedman.
4:03 of 3rd period - Slapshot by PK Subban.
4:03 of 3rd period - Shot Blocked by Martin Hanzal.
4:29 of 3rd period - Slapshot by Jason Spezza.
4:29 of 3rd period - Shot Misses the Net.
4:31 of 3rd period - Snap shot by Mike Cammalleri.
4:31 of 3rd period - Stopped by Ondrej Pavelec without a rebound.
4:32 of 3rd period - Blake Pietila wins face-off versus Andrei Loktionov in Golden Knights zone.
4:35 of 3rd period - Slapshot by Blake Pietila.
4:35 of 3rd period - Deflect By Sean Monahan.
4:35 of 3rd period - Stopped by Ondrej Pavelec without a rebound.
4:36 of 3rd period - Andrei Loktionov wins face-off versus Mark Stone in Golden Knights zone.
4:36 of 3rd period - Vladimir Mihalik is hit by Mark Stone and loses puck.
4:49 of 3rd period - Snap shot by Michael Frolik.
4:49 of 3rd period - Stopped by Chet Pickard with a rebound.
4:51 of 3rd period - Snap shot by Michael Frolik.
4:51 of 3rd period - Shot Misses the Net.
5:20 of 3rd period - Icing by Dustin Brown.
5:21 of 3rd period - Chris Tierney wins face-off versus Brad Richardson in Capitals zone.
5:37 of 3rd period - Icing by Kellan Lain.
5:38 of 3rd period - Jason Spezza wins face-off versus Andrei Loktionov in Golden Knights zone.
6:11 of 3rd period - Slapshot by PK Subban.
6:11 of 3rd period - Deflect By Zach Bogosian.
6:11 of 3rd period - Stopped by Ondrej Pavelec with a rebound.
6:13 of 3rd period - Slapshot by Victor Hedman.
6:13 of 3rd period - Stopped by Ondrej Pavelec with a rebound.
6:29 of 3rd period - Snap shot by Patrick Sharp.
6:29 of 3rd period - Stopped by Ondrej Pavelec without a rebound.
6:30 of 3rd period - Jason Spezza wins face-off versus Chris Tierney in Golden Knights zone.
6:31 of 3rd period - Wrist shot by Cameron Gaunce.
6:31 of 3rd period - Stopped by Ondrej Pavelec without a rebound.
6:32 of 3rd period - Andrei Loktionov wins face-off versus Jason Spezza in Golden Knights zone.
6:48 of 3rd period - Icing by Jason Spezza.
6:49 of 3rd period - Wayne Simmonds wins face-off versus Jason Spezza in Capitals zone.
7:01 of 3rd period - Wrist shot by Cameron Gaunce.
7:01 of 3rd period - Stopped by Ondrej Pavelec with a rebound.
7:26 of 3rd period - Slapshot by Michael Frolik.
7:26 of 3rd period - Stopped by Chet Pickard without a rebound.
7:27 of 3rd period - Blake Pietila wins face-off versus Andrei Loktionov in Capitals zone.
7:52 of 3rd period - Thomas Vanek is hit by Patrick Sharp.
8:15 of 3rd period - Snap shot by Matt Stajan.
8:15 of 3rd period - Shot Blocked by PK Subban.
8:29 of 3rd period - Dustin Brown is hit by Wayne Simmonds and loses puck.
9:14 of 3rd period - Off-side.
9:15 of 3rd period - Andrei Loktionov wins face-off versus Jason Spezza in neutral zone.
9:17 of 3rd period - Mathew Dumba is hit by Alexei Marchenko and loses puck.
9:33 of 3rd period - Off-side.
9:34 of 3rd period - Chris Tierney wins face-off versus Sean Monahan in neutral zone.
10:01 of 3rd period - Kellan Lain is hit by T.J. Oshie and loses puck.
10:12 of 3rd period - Snap shot by William Karlsson.
10:12 of 3rd period - Shot Misses the Net.
10:14 of 3rd period - Snap shot by Patrick Sharp.
10:14 of 3rd period - Stopped by Ondrej Pavelec without a rebound.
10:15 of 3rd period - Jason Spezza wins face-off versus Chris Tierney in Golden Knights zone.
11:06 of 3rd period - Snap shot by Cameron Gaunce.
11:06 of 3rd period - Stopped by Ondrej Pavelec with a rebound.
13:05 of 3rd period - Wayne Simmonds is hit by Dustin Brown and loses puck.
14:08 of 3rd period - Thomas Vanek is hit by William Karlsson.
14:14 of 3rd period - Damon Severson is hit by Cameron Gaunce and loses puck.
14:27 of 3rd period - Dustin Brown is hit by Vladimir Mihalik and loses puck.
14:43 of 3rd period - Michael Frolik is hit by Cameron Gaunce and loses puck.
15:18 of 3rd period - Minor Penalty to Steve Bernier for Interference.
15:19 of 3rd period - Andrei Loktionov wins face-off versus Jason Spezza in Capitals zone.
15:36 of 3rd period - Snap shot by Andrei Loktionov.
15:36 of 3rd period - Deflect By Kellan Lain.
15:36 of 3rd period - Shot Misses the Net.
15:36 of 3rd period - Puck is out of play.
15:37 of 3rd period - Jason Spezza wins face-off versus Matt Stajan in Capitals zone.
16:11 of 3rd period - Snap shot by Michael Frolik.
16:11 of 3rd period - Shot Misses the Net.
17:18 of 3rd period - Penalty to Steve Bernier is over, Steve Bernier is back on ice.
17:32 of 3rd period - Off-side.
17:33 of 3rd period - William Karlsson wins face-off versus Matt Stajan in neutral zone.
18:00 of 3rd period - Mathew Dumba is hit by Sean Monahan and loses puck.
18:37 of 3rd period - Matt Stajan is hit by PK Subban and loses puck.
19:18 of 3rd period - Chris Tierney is hit by Victor Hedman and loses puck.
Goals for this period are 0 for Golden Knights vs 0 for Capitals.
Shots for this period are 4 for Golden Knights vs 11 for Capitals.
Overtime #1
0:01 of 1st overtime period - Jason Spezza wins face-off versus Andrei Loktionov in neutral zone.
0:10 of 1st overtime period - Snap shot by Jason Spezza.
0:10 of 1st overtime period - Stopped by Ondrej Pavelec without a rebound.
0:11 of 1st overtime period - Andrei Loktionov wins face-off versus Jason Spezza in Golden Knights zone.
1:16 of 1st overtime period - Wrist shot by Wayne Simmonds.
1:16 of 1st overtime period - Deflect By Mats Zuccarello.
1:16 of 1st overtime period - Shot Blocked by Alexei Marchenko.
1:16 of 1st overtime period - Puck is out of play.
1:17 of 1st overtime period - Jason Spezza wins face-off versus Wayne Simmonds in Capitals zone.
3:48 of 1st overtime period - Cameron Gaunce is hit by Matt Stajan and loses puck.
3:53 of 1st overtime period - Wrist shot by Matt Stajan.
3:53 of 1st overtime period - Shot Blocked by Mike Cammalleri.
Goals for this period are 0 for Golden Knights vs 0 for Capitals.
Shots for this period are 0 for Golden Knights vs 1 for Capitals.
ShootOut
5:00 of 1st overtime period - Round #1.
5:00 of 1st overtime period - Golden Knights, Michael Frolik.
5:00 of 1st overtime period - Deke by Michael Frolik.
5:00 of 1st overtime period - Goal by Michael Frolik.
5:00 of 1st overtime period - Capitals, Jason Spezza.
5:00 of 1st overtime period - Backhand shot by Jason Spezza.
5:00 of 1st overtime period - Stopped by Ondrej Pavelec.
5:00 of 1st overtime period - Round #2.
5:00 of 1st overtime period - Golden Knights, Andrei Loktionov.
5:00 of 1st overtime period - Wrist shot by Andrei Loktionov.
5:00 of 1st overtime period - Stopped by Chet Pickard.
5:00 of 1st overtime period - Capitals, Mike Cammalleri.
5:00 of 1st overtime period - Snap shot by Mike Cammalleri.
5:00 of 1st overtime period - Stopped by Ondrej Pavelec.
5:00 of 1st overtime period - Round #3.
5:00 of 1st overtime period - Golden Knights, Kellan Lain.
5:00 of 1st overtime period - Wrist shot by Kellan Lain.
5:00 of 1st overtime period - Stopped by Chet Pickard.
5:00 of 1st overtime period - Capitals, Mark Stone.
5:00 of 1st overtime period - Backhand shot by Mark Stone.
5:00 of 1st overtime period - Stopped by Ondrej Pavelec.
Output by the SimonT Hockey Simulator (STHS) for Francois Prevost